 Dungeon Crawl Stone Soup version 0.22-a0-419-g492bfec (webtiles) character file.

60 dstrtnsr the Ruffian (level 3, -3/36 HPs)
             Began as a Troll Fighter on May 15, 2018.
             Slain by Grinder (6 damage)
             ... on level 3 of the Dungeon.
             The game lasted 00:00:54 (790 turns).

dstrtnsr the Ruffian (Troll Fighter)                 Turns: 790, Time: 00:00:55

Health: -3/36      AC:  5    Str: 30    XL:     3   Next: 80%
Magic:  2/2        EV:  8    Int:  4    God:
Gold:   129        SH:  9    Dex:  9    Spells: 2/2 levels left

rFire    . . .     SeeInvis .     - Unarmed
rCold    . . .     Gourm    +   b - +0 shield
rNeg     . . .     Faith    .   a - +0 robe
rPois    .         Spirit   .   (helmet restricted)
rElec    .         Reflect  .   (no cloak)
rCorr    .         Harm     .   (gloves unavailable)
MR       .....                  (boots unavailable)
Stlth    +.........             (no amulet)
HPRegen  0.52/turn              (no ring)
MPRegen  0.08/turn              (no ring)

@: mighty
A: large, unfitting armour, claws 3, fast metabolism 3, gourmand, regeneration
1, shaggy fur 1, tough skin 2
a: no special abilities


You were on level 3 of the Dungeon.
You were very full.

You visited 1 branch of the dungeon, and saw 3 of its levels.

You collected 129 gold pieces.

Inventory:

Armour
 a - a +0 robe (worn)
 b - a +0 shield (worn)
Scrolls
 f - 2 scrolls of enchant armour {unknown}
 g - 2 scrolls of remove curse {unknown}
 h - a scroll of fear {unknown}
 i - 2 scrolls of teleportation {unknown}
 j - a scroll of magic mapping {unknown}
 k - a scroll of immolation {unknown}
Potions
 d - a potion of lignification {unknown}
 l - a potion of brilliance {unknown}
Comestibles
 e - 4 rations {!d}


   Skills:
 - Level 2.4 Fighting
 - Level 2.4 Dodging
 - Level 2.4 Shields
 * Level 4.2 Unarmed Combat


You had 2 spell levels left.
You didn't know any spells.
Your spell library was empty.

Dungeon Overview and Level Annotations

Branches:
Dungeon (3/15)

Altars:

Annotations:
D:3 Grinder


Innate Abilities, Weirdness & Mutations

You are too large for most types of armour.
You have claws for hands.
Your metabolism is lightning-fast.
You like to eat raw meat.
Your natural rate of healing is unusually fast.
You are covered in fur. (AC +1)
You have very tough skin. (AC +2)


Message History

A worm comes into view.
A worm is nearby!
A worm is nearby!
A worm is nearby!
A worm is nearby!
A worm is nearby!
A worm is nearby!
The worm bites you.
You barely miss the worm. You scratch the worm but do no damage.
The worm bites you.
You scratch the worm.
The worm is lightly wounded.
You block the worm's attack.
You scratch the worm.
The worm is lightly wounded.
You claw the worm!
The worm is heavily wounded.
The worm bites you but does no damage.
You scratch the worm.
The worm is severely wounded.
You claw the worm!
You kill the worm!
No target in view!
No target in view!
No target in view!
No target in view!
No target in view!
No target in view!
No target in view!
No target in view!
No target in view!
No target in view!
Grinder comes into view.
Grinder shouts!
Grinder gestures at you. You resist with significant effort.
Grinder is nearby!
Grinder is nearby!
Grinder is nearby!
Grinder gestures at you. You resist with significant effort.
Grinder gestures at you.
You suddenly lose the ability to move!
You can move again.
You closely miss Grinder. Grinder hits you.
You writhe in agony.
You barely miss Grinder. You block Grinder's attack.
You scratch Grinder but do no damage. You block Grinder's attack.
You closely miss Grinder. Grinder gestures at you.
Pain shoots through your body!
You closely miss Grinder. Grinder barely misses you.
You scratch Grinder.
Grinder is lightly wounded.
Grinder hits you.
You writhe in agony.
You are too injured to fight recklessly!
You are too injured to fight recklessly!
You are too injured to fight recklessly!
You are too injured to fight recklessly!
You are too injured to fight recklessly!
You are too injured to fight recklessly!
You are too injured to fight recklessly!
You are too injured to fight recklessly!
You are too injured to fight recklessly!
You are too injured to fight recklessly!
You are too injured to fight recklessly!
You are too injured to fight recklessly!
You are too injured to fight recklessly!
You are too injured to fight recklessly!
You are too injured to fight recklessly!
You are too injured to fight recklessly!
You are too injured to fight recklessly!
You are too injured to fight recklessly!
You are too injured to fight recklessly!
You are too injured to fight recklessly!
You are too injured to fight recklessly!
You are too injured to fight recklessly!
Unknown command.
You feel very mighty all of a sudden.
Grinder blinks!
Your shield prevents you from hitting Grinder.
Grinder is lightly wounded.
Grinder barely misses you.
You closely miss Grinder.
Grinder is lightly wounded.
You block Grinder's attack.
You completely miss Grinder.
Grinder is lightly wounded.
Grinder hits you!
* * * LOW HITPOINT WARNING * * *
You writhe in agony.
* * * LOW HITPOINT WARNING * * *
You closely miss Grinder.
Grinder is lightly wounded.
You block Grinder's attack.
You mangle Grinder!!
Grinder is heavily wounded.
Grinder hits you.
* * * LOW HITPOINT WARNING * * *
You writhe in agony.
You die...

#. #.######## #.# #.
#........########.#
#.####.######..........#
#...)......#############
#..###.###.##### #..#
#.##......#
#..###.##..###.#
...........# #.#########
...###.###.# #.5@.......
.......# #.# ###########
##.#######.# #.........#
###########


You could see Grinder.

Vanquished Creatures
  2 adders (D:2)
  An ooze (D:3)
  A worm (D:3)
  A dart slug (D:1)
  A leopard gecko (D:3)
  3 bats
  A giant cockroach (D:1)
  4 hobgoblins
  5 jackals (D:3)
  A quokka (D:2)
  4 goblins (D:3)
  2 kobolds
  4 rats
30 creatures vanquished.

Notes
Turn   | Place    | Note
-------+----------+-------------------------------------------
     0 | D:1      | dstrtnsr the Troll Fighter began the quest for the Orb.
     0 | D:1      | Reached XP level 1. HP: 22/22 MP: 0/0
   233 | D:1      | Reached XP level 2. HP: 24/29 MP: 1/1
   256 | D:2      | Reached skill level 3 in Unarmed Combat
   318 | D:2      | Reached XP level 3. HP: 36/36 MP: 2/2
   580 | D:3      | Reached skill level 4 in Unarmed Combat
   772 | D:3      | Noticed Grinder
   774 | D:3      | Paralysed by Grinder for 5 turns
   788 | D:3      | HP: 8/36 [Grinder (9)]
   788 | D:3      | HP: 3/36 [Grinder (5)]
   790 | D:3      | Slain by Grinder

Vault maps used:
D:1:      sevenhm_arrival_forest_fort_small_6, minmay_pentomino_p4
D:2:      first_ration, kennysheep_generic_room_3
D:3:      uniq_grinder

Skill      XL: |  1  2  3 |
---------------+----------+-----
Unarmed Combat | 3 4 |  4.2
Fighting       | |  2.4
Dodging        | |  2.4
Shields        | |  2.4

Action                   || total
-------------------------++-------
Melee: Unarmed           ||   107
  Use: Potion            ||     1
 Stab: Sleeping          ||     1
  Eat: Chunk             ||    11
Armor: Robe              ||    47
Dodge: Dodged            ||    43
Block: Shield            ||    34

Table legend:
 A = Spawn XP
 B = Non-spawn XP
 C = Spawn XP percentage of total XP
 D = Spawn monster count
 E = Non-spawn monster count
 F = Spawn count percentage of total count
 G = Total turns spent on level
                    A         B        C        D         E        F      G
               +---------+---------+-------+---------+---------+-------+---------
         Total |       0 |      86 |   0.0 |       0 |      30 |   0.0 |   790
               +---------+---------+-------+---------+---------+-------+---------
           D:1 |       0 |      14 |   0.0 |       0 |       7 |   0.0 |   247
           D:2 |       0 |      31 |   0.0 |       0 |       5 |   0.0 |   107
           D:3 |       0 |      41 |   0.0 |       0 |      18 |   0.0 |   436
               +---------+---------+-------+---------+---------+-------+---------
